 Dungeon Crawl Stone Soup version 0.29.1-1-gd02db6906a (webtiles) character file.

Game seed: 13858157320481256407

59 Hadkhar the Digger (level 3, 0/19 HPs)
             Began as a Deep Elf Earth Elementalist on Oct 22, 2022.
             Slain by a gnoll sergeant
             ... wielding a +0 spear
              (12 damage)
             ... on level 3 of the Dungeon.
             The game lasted 00:07:38 (1857 turns).

Hadkhar the Digger (Deep Elf Earth Elementalist)    Turns: 1857, Time: 00:07:38

Health: 0/19       AC:  2    Str:  5    XL:     3   Next: 78%
Magic:  6/10       EV: 12    Int: 21    God:
Gold:   118        SH:  0    Dex: 15    Spells: 8/9 levels left

rFire   . . .      SeeInvis .   f - +3 dagger
rCold   . . .      Faith    .   (no shield)
rNeg    . . .      Spirit   .   a - +0 robe
rPois   .          Reflect  .   (no helmet)
rElec   .          Harm     .   (no cloak)
rCorr   .          Rampage  .   (no gloves)
Will    .....                   (no boots)
Stlth   ++........              (no amulet)
HPRegen 0.06/turn               (no ring)
MPRegen 0.12/turn               (no ring)

@: no status effects
A: no striking features
a: no special abilities


You were on level 3 of the Dungeon.
You visited 1 branch of the dungeon, and saw 3 of its levels.

You collected 118 gold pieces.

Inventory:

Hand Weapons
 f - a +3 dagger (weapon)
Armour
 a - a +0 robe (worn)
Scrolls
 c - 2 scrolls of identify {unknown}
 d - a scroll of poison {unknown}
 h - a scroll of teleportation {unknown}
 j - a scroll of enchant weapon {unknown}
Potions
 b - 3 potions of magic
 e - a potion of brilliance {unknown}
 g - a potion of curing {unknown}
 i - a potion of flight {unknown}
 k - a potion of lignification {unknown}


   Skills:
 - Level 2.4 Dodging
 + Level 3.3 Stealth
 + Level 3.9 Spellcasting
 - Level 1.1 Transmutations
 * Level 4.3 Earth Magic


You had 8 spell levels left.
You knew the following spells:

 Your Spells              Type           Power      Damage    Failure   Level
a - Sandblast             Erth           44%        2d11      1%          1

Your spell library contained the following spells:

 Spells                   Type           Power      Damage    Failure   Level
 Passwall                 Tmut/Erth      12%        N/A       6%          2
 Stone Arrow              Conj/Erth      26%        3d8       16%         3
 Petrify                  Tmut/Erth      15%        N/A       36%         4


Dungeon Overview and Level Annotations

Branches:
Dungeon (3/15)

Altars:
Ru


Message History

The worm bites you.
Aiming: Sandblast (safe; 1% risk of failure)
Press: ? - help, Q - select action Shift-Dir - straight line, f/p - worm
Aim: a worm (severely wounded, 94% to hit)
The blast of sand hits the worm.
You kill the worm!
You start resting.
Magic restored.
You start resting.
HP restored.
Found a hand axe.
Found the +3 woodcutter's axe {vorpal}.
The gnoll sergeant shouts!
Things that are here:
a +0 halberd; a gnoll skeleton
Aiming: Sandblast (safe; 1% risk of failure)
Press: ? - help, Q - select action Shift-Dir - straight line, f - gnoll sergeant
Aim: a gnoll sergeant, wielding a +0 spear, wearing a +0 ring mail and wearing a +0 buckler (87% to hit)
The blast of sand hits the gnoll sergeant but does no damage.
Aiming: Sandblast (safe; 1% risk of failure)
Press: ? - help, Q - select action Shift-Dir - straight line, f/p - gnoll sergeant
Aim: a gnoll sergeant, wielding a +0 spear, wearing a +0 ring mail and wearing a +0 buckler (87% to hit)
The blast of sand hits the gnoll sergeant but does no damage.
The gnoll sergeant hits you from afar with a +0 spear!
Unknown command.
Aiming: Sandblast (safe; 1% risk of failure)
Press: ? - help, Q - select action Shift-Dir - straight line, f/p - gnoll sergeant
Aim: a gnoll sergeant, wielding a +0 spear, wearing a +0 ring mail and wearing a +0 buckler (87% to hit)
The blast of sand hits the gnoll sergeant.
The gnoll sergeant is moderately wounded.
The gnoll sergeant barely misses you.
Aiming: Sandblast (safe; 1% risk of failure)
Press: ? - help, Q - select action Shift-Dir - straight line, f/p - gnoll sergeant
Aim: a gnoll sergeant, wielding a +0 spear, wearing a +0 ring mail and wearing a +0 buckler (moderately wounded, 87% to hit)
The blast of sand hits the gnoll sergeant but does no damage.
The gnoll sergeant is moderately wounded.
The gnoll sergeant hits you but does no damage.
The gnoll sergeant hits you from afar with a +0 spear!
Ouch! That really hurt!
You die...

..######### #.........#
#.........# #.........#
♣♣♣♣ ..........### ♣...)
.......###..# ♣♣♣..# #
.......###.##♣♣♣.)..#...
...♣♣♣.+.'.#♣♣..).♣.#...
..♣♣ ~♣###......@)g.'..)
♣♣ ~ #.#♣♣)..♣..#... ~~
#.# ♣♣♣....#... ~..
♣♣♣..# ## ~PP# ♣).. ♣
J~~~~ ♣♣♣♣ ~~P~~~ ~~≈~~.


You could see a gnoll sergeant.

Vanquished Creatures
  2 gnolls (D:3)
  A worm (D:3)
  4 dart slugs
  3 ball pythons
  6 endoplasms
  2 goblins (D:1)
  2 hobgoblins (D:1)
  3 kobolds
  3 bats
  2 frilled lizards
  A rat (D:2)
29 creatures vanquished.

Vanquished Creatures (others)
  36 plants (D:3)
36 creatures vanquished.

Grand Total: 65 creatures vanquished

Notes
Turn   | Place    | Note
-------+----------+-------------------------------------------
     0 | D:1      | Hadkhar the Deep Elf Earth Elementalist began the quest for
                  | the Orb.
     0 | D:1      | Reached XP level 1. HP: 10/10 MP: 6/6
   262 | D:1      | Reached XP level 2. HP: 15/15 MP: 6/8
   725 | D:1      | Reached skill level 4 in Earth Magic
  1181 | D:3      | Reached XP level 3. HP: 19/19 MP: 8/10
  1389 | D:3      | Found a sacrificial altar of Ru.
  1562 | D:3      | Noticed a gnoll sergeant
  1852 | D:3      | Found the +3 woodcutter's axe {vorpal}
  1857 | D:3      | Slain by a gnoll sergeant

Illustrated notes

Levels and vault maps discovered:
D:1:      psy_arrival_dodecagon, layout_basic, chequers_serial_rivers_room_a
D:2:      layout_basic, hangedman_feature_mirror
D:3:      layout_basic, mainiacjoe_overflow_swirl, old_standard_altar,
          serial_bayou, serial_bayou_pond_a, serial_bayou_lagoon_a,
          serial_bayou_lagoon_b, serial_bayou_shore_b,
          chequers_ecumenical_altar_twisty, grunt_ministairs_15,
          minmay_misc_feat_tiny, pf_guarded_unrand_woodcutter

Skill      XL: |  1  2 |
---------------+-------+-----
Stealth        | 3 |  3.3
Earth Magic    | 4 |  4.3
Dodging        | |  2.4
Spellcasting   | |  3.9
Transmutations | |  1.1

Action                   || total
-------------------------++-------
Melee: Dagger            ||     8
 Cast: Sandblast         ||    43
Armor: Robe              ||     4
Dodge: Dodged            ||     4
